 Dungeon Crawl Stone Soup version 0.28.0-1-gb440e238dd (webtiles) character file.

Game seed: 5622724164957474848

22 shoop the Twirler (level 2, 22/22 HPs)
             Began as a Demonspawn Wanderer on Feb 20, 2022.
             Was a Follower of Trog.
             Quit the game on level 1 of the Dungeon.
             The game lasted 00:01:13 (879 turns).

shoop the Twirler (Demonspawn Wanderer)              Turns: 879, Time: 00:01:14

Health: 22/22      AC:  6    Str: 10    XL:     2   Next: 68%
Magic:  2/2        EV:  8    Int: 11    God:    Trog [*.....]
Gold:   88         SH:  0    Dex: 16    Spells: 1/1 levels left

rFire   . . .      SeeInvis .   a - +2 quarterstaff
rCold   . . .      Faith    .   (shield currently unavailable)
rNeg    . . .      Spirit   .   c - +0 scale mail
rPois   .          Reflect  .   (no helmet)
rElec   .          Harm     .   (no cloak)
rCorr   .          Rampage  .   (no gloves)
Will    .....                   (no boots)
Stlth   +.........              (no amulet)
HPRegen 0.07/turn               (no ring)
MPRegen 0.08/turn               (no ring)

@: no status effects
A: sanguine armour 1
a: Renounce Religion, Berserk


You were on level 1 of the Dungeon.
You worshipped Trog.
Trog was aware of your devotion.
You visited 1 branch of the dungeon, and saw 1 of its levels.

You collected 88 gold pieces.

Inventory:

Hand Weapons
 a - a +2 quarterstaff (weapon)
 b - a +0 hand axe
Armour
 c - a +0 scale mail (worn)
Scrolls
 d - a scroll of enchant armour {unknown}
 e - 2 scrolls of identify {unknown}
 f - a scroll of blinking {unknown}
 i - a scroll of vulnerability {unknown}
Potions
 g - a potion of heal wounds {unknown}
 h - a potion of resistance {unknown}


   Skills:
 + Level 1.6 Fighting
 - Level 1.0 Axes
 * Level 3.4 Staves
 - Level 1.7 Armour
 - Level 1.0 Dodging
 - Level 1.7 Stealth


You had one spell level left.
You didn't know any spells.
Your spell library was empty.

Dungeon Overview and Level Annotations

Branches:
Dungeon (1/15)

Altars:
Trog
Beogh


Innate Abilities, Weirdness & Mutations

When seriously injured, your blood forms armour. (AC +0)


Message History

Found a scroll labelled NALIWE BOMOI.
There is an open door here.
A goblin comes into view. It is wielding a +0 dagger.
The goblin shouts!
You completely miss the ball python. The ball python bites you.
The ball python barely misses you.
You thump the ball python!
You kill the ball python!
Trog accepts your kill.
Found 16 gold pieces.
You see here a ball python corpse.
You hit the goblin but do no damage. The goblin hits you but does no damage.
You closely miss the goblin. The goblin hits you but does no damage.
You sock the goblin!
You kill the goblin!
Trog accepts your kill.
No target in view!
No target in view!
No target in view!
No target in view!
No target in view!
No target in view!
No target in view!
No target in view!
No target in view!
No target in view!
No target in view!
No target in view!
No target in view!
No target in view!
Things that are here:
a +0 dagger; a goblin corpse
e - 2 scrolls labelled NALIWE BOMOI (gained 1)
You now have 88 gold pieces (gained 16).
You open the large door.
There is a large open door here.
There is a large open door here.
You open the door.
A rat comes into view.
Are you sure you want to abandon this character and quit the game? (Confirm with "yes".)

#..........#
#.#....#8≈≈≈≈≈§
########...#
#.#....######## ##'##
#.#.........# #
###'#######.#########.###
#........##.# #..##
#........##.# ##.##
#........'..# #..#
#........#### ##.#
#.......@# #.. #........#
##. #........# #.
#........# #. #........#
## #........# ......r.#
........#


You could see a rat.

Vanquished Creatures
  A dart slug (D:1)
  2 ball pythons (D:1)
  2 endoplasms (D:1)
  A goblin (D:1)
  2 hobgoblins (D:1)
  3 jackals (D:1)
  A quokka (D:1)
  A frilled lizard (D:1)
  3 kobolds (D:1)
  3 rats (D:1)
19 creatures vanquished.

Notes
Turn   | Place    | Note
-------+----------+-------------------------------------------
     0 | D:1      | shoop the Demonspawn Wanderer began the quest for the Orb.
     0 | D:1      | shoop set off with the following items: a +2 quarterstaff,
                  | a +0 hand axe, a +0 scale mail
     0 | D:1      | Reached XP level 1. HP: 15/15 MP: 1/1
    83 | D:1      | Reached skill level 3 in Staves
    84 | D:1      | Gained mutation: When seriously injured, your blood forms
                  | armour. (AC +0) [demonic ancestry]
    84 | D:1      | Reached XP level 2. HP: 11/21 MP: 2/2
   767 | D:1      | Found a faded altar of an unknown god.
   770 | D:1      | Prayed at the altar of an unknown god.
   770 | D:1      | Became a worshipper of Trog the Wrathful
   770 | D:1      | Reached * piety under Trog
   879 | D:1      | Quit the game

Illustrated notes

Levels and vault maps discovered:
D:1:      lightli_arrival_noodles, layout_basic,
          hellmonk_ecumenical_altar_defaced_shrine

Skill      XL: |  1 |
---------------+----+-----
Staves         | 3 |  3.4
Fighting       | |  1.6
Axes           | |  1.0
Armour         | |  1.7
Dodging        | |  1.0
Stealth        | |  1.7

Action                   || total
-------------------------++-------
Melee: Quarterstaff      ||    47
 Stab: Distracted        ||     1
Armor: Scale mail        ||    17
Dodge: Dodged            ||    11
